 Dungeon Crawl Stone Soup version 0.30.0-18-gc0e69614cb (webtiles) character file.

Game seed: 7588264127708286352

1019 Peloso the Slasher (level 8, 0/69 HPs)
             Began as a Minotaur Fighter on May 25, 2023.
             Slain by a two-headed ogre
             ... wielding a +0 giant club
              (13 damage)
             ... on level 5 of the Dungeon.
             The game lasted 00:07:28 (4061 turns).

Peloso the Slasher (Minotaur Fighter)               Turns: 4061, Time: 00:07:29

Health: 0/69       AC: 14    Str: 21    XL:     8   Next: 2%
Magic:  7/7        EV: 11    Int:  5    God:
Gold:   267        SH:  5    Dex: 12    Spells: 7/7 levels left

rFire   . . .        a - +0 long sword
rCold   . . .        d - +0 buckler
rNeg    . . .        r - +0 plate armour
rPois   .            (helmet restricted)
rElec   .            (no cloak)
rCorr   .            (no gloves)
SInv    .            c - +0 pair of boots
Will    .....        (no amulet) Stlth
                     l - +5 ring of evasion
HPRegen 0.31/turn    (no ring)
MPRegen 0.10/turn

%: no passive effects
@: no status effects
A: horns 2, retaliatory headbutt
a: no special abilities


You were on level 5 of the Dungeon.
You visited 1 branch of the dungeon, and saw 5 of its levels.

You collected 279 gold pieces.
You spent 12 gold pieces at shops.

Inventory:

Hand Weapons
 a - a +0 long sword (weapon)
 b - a +0 long sword
Armour
 c - a +0 pair of boots (worn)
 d - a +0 buckler (worn)
 k - a +0 chain mail
 r - a +0 plate armour (worn)
Jewellery
 l - a +5 ring of evasion (left hand)
 t - a ring of resist corrosion
Wands
 x - a wand of polymorph (1)
 z - a wand of mindburst (12)
Scrolls
 f - a scroll of amnesia
 g - a scroll of fear {unknown}
 h - 4 scrolls of teleportation
 m - 2 scrolls of blinking
 o - 2 scrolls of noise {unknown}
 q - a scroll of identify {unknown}
 s - a scroll of fog {unknown}
 u - 2 scrolls of magic mapping
 w - a scroll of butterflies {unknown}
 y - a scroll of poison {unknown}
 A - a scroll of vulnerability {unknown}
Potions
 e - 2 potions of curing
 i - 2 potions of might
 j - a potion of lignification {unknown}
 n - a potion of experience {unknown}
 p - a potion of mutation {unknown}
 v - a potion of invisibility {unknown}


   Skills:
 + Level 5.6 Fighting
 + Level 7.9 Long Blades
 + Level 6.1 Armour
 + Level 1.8 Dodging
 + Level 0.5 Stealth
 + Level 5.4 Shields


You had 7 spell levels left.
You didn't know any spells.
Your spell library contained the following spells:

 Spells                   Type           Power      Damage    Failure   Level
 Apportation              Tloc           0%         N/A       100%        1
 Necrotise                Necr           0%         1d4       100%        1
 Summon Small Mammal      Summ           0%         N/A       100%        1
 Cigotuvi's Dreadful Rot  Necr/Pois/Air  0%         N/A       100%        2
 Sublimation of Blood     Necr           0%         N/A       100%        2
 Wereblood                Tmut           0%         N/A       100%        2
 Ignite Poison            Fire/Tmut/Pois 0%         N/A       100%        3
 Freezing Cloud           Conj/Ice/Air   0%         6-21      100%        5
 Summon Hydra             Summ           0%         N/A       100%        7


Dungeon Overview and Level Annotations

Branches:
Dungeon (5/15)
 Temple: D:4-7

Altars:
Ashenzari
Cheibriados
Xom

Shops:
D:2 (   D:4 !


Innate Abilities, Weirdness & Mutations

You have a pair of horns on your head.
You reflexively headbutt those who attack you in melee.


Message History

You slash the two-headed ogre!
The two-headed ogre is moderately wounded.
You block the adder's attack.
The two-headed ogre hits you but does no damage.
The two-headed ogre closely misses you.
You hit the two-headed ogre but do no damage.
The two-headed ogre is moderately wounded.
The adder closely misses you.
You hit the two-headed ogre but do no damage.
You headbutt the two-headed ogre, but do no damage.
The two-headed ogre is moderately wounded.
The adder bites you but does no damage. You block the two-headed ogre's attack.
The two-headed ogre hits you but does no damage.
You closely miss the two-headed ogre.
The two-headed ogre is moderately wounded.
The adder barely misses you.
The two-headed ogre hits you with a +0 giant club!
The two-headed ogre hits you with a +0 giant club.
The adder bites you but does no damage.
You slash the two-headed ogre!
The two-headed ogre is heavily wounded.
The adder bites you but does no damage.
You barely miss the two-headed ogre. You headbutt the two-headed ogre.
The two-headed ogre is heavily wounded.
The adder completely misses you.
The two-headed ogre hits you with a +0 giant club!!
The two-headed ogre hits you but does no damage.
You slash the two-headed ogre!
The two-headed ogre is severely wounded.
You block the adder's attack. The two-headed ogre barely misses you.
You block the two-headed ogre's attack. You block the adder's attack.
You slash the two-headed ogre!
The two-headed ogre is severely wounded.
The adder bites you but does no damage.
You hit the two-headed ogre but do no damage.
The two-headed ogre is severely wounded.
The two-headed ogre hits you with a +0 giant club!
* * * LOW HITPOINT WARNING * * *
The two-headed ogre hits you with a +0 giant club!
You die...

#.# #.##.##.#
#.# #..#.##.#
#.# ##....##.#
#.# #.._..##.#
##.# #..O..##.#
...###.#
#..##....#
.......#
##.#####.#
#<.....#
##############.#
### #......#
......S@O......#
#.######
################
#.. ###


You could see a two-headed ogre and an adder.

Vanquished Creatures
  Grinder (D:3)
  Eustachio (D:4)
  3 phantoms (D:4)
  A scorpion (D:5)
  Blork the orc (D:4)
  2 hounds
  An iguana (D:4)
  Jessica (D:3)
  A sleepcap (D:4)
  Ijyb (D:4)
  3 gnolls (D:5)
  5 adders
  A white imp (D:5)
  A dart slug (D:4)
  A worm (D:2)
  2 orcs (D:4)
  6 ball pythons
  11 endoplasms
  2 giant cockroaches (D:3)
  8 goblins
  5 hobgoblins
  6 jackals
  8 kobolds
  6 quokkas
  3 bats
  3 frilled lizards
  5 rats
89 creatures vanquished.

Notes
Turn   | Place    | Note
-------+----------+-------------------------------------------
     0 | D:1      | Peloso the Minotaur Fighter began the quest for the Orb.
     0 | D:1      | Reached XP level 1. HP: 19/19 MP: 0/0
   231 | D:1      | Reached XP level 2. HP: 27/27 MP: 1/1
   694 | D:2      | Reached XP level 3. HP: 33/33 MP: 2/2
   734 | D:2      | Found Onuytyem's Weapon Shoppe.
   936 | D:2      | Found a faded altar of an unknown god.
   971 | D:2      | Reached skill level 1 in Dodging
  1046 | D:2      | Reached skill level 3 in Long Blades
  1429 | D:3      | Reached XP level 4. HP: 39/41 MP: 3/3
  1795 | D:3      | Noticed Jessica
  1800 | D:3      | Killed Jessica
  1921 | D:3      | Identified the +1 ring mail of the Valley of Death {Regen+}
  1939 | D:3      | Noticed Grinder
  1958 | D:3      | Killed Grinder
  1959 | D:3      | Reached skill level 4 in Long Blades
  1959 | D:3      | Reached skill level 5 in Armour
  1959 | D:3      | Reached XP level 5. HP: 7/47 MP: 4/4
  1959 | D:3      | Reached XP level 6. HP: 8/55 MP: 5/5
  2518 | D:4      | Reached skill level 5 in Fighting
  2518 | D:4      | Reached skill level 5 in Long Blades
  2620 | D:4      | Noticed Ijyb
  2620 | D:4      | Noticed Blork the orc
  2644 | D:4      | Killed Ijyb
  2650 | D:4      | Killed Blork the orc
  2677 | D:4      | Noticed Eustachio
  2747 | D:4      | Killed Eustachio
  2748 | D:4      | Reached skill level 6 in Long Blades
  2748 | D:4      | Reached XP level 7. HP: 16/61 MP: 6/6
  3195 | D:4      | Reached skill level 5 in Shields
  3355 | D:4      | Found a shimmering altar of Xom.
  3355 | D:4      | Found a broken altar of Ashenzari.
  3456 | D:4      | Found Ypeninaf's Distillery.
  3459 | D:4      | Bought a potion of degeneration for 12 gold pieces
  3537 | D:4      | Reached skill level 7 in Long Blades
  3865 | D:5      | Entered Level 5 of the Dungeon
  3990 | D:5      | Reached XP level 8. HP: 53/69 MP: 7/7
  4017 | D:5      | Noticed a two-headed ogre
  4033 | D:5      | Found a snail-covered altar of Cheibriados.
  4061 | D:5      | Slain by a two-headed ogre

Illustrated notes

Levels and vault maps discovered:
D:1:      dpeg_arrival_boxorama, layout_basic, minmay_misc_feat_columns
D:2:      layout_basic, serial_shops, nicolae_shop_bloodbath_and_beyond,
          chequers_ecumenical_altar_simple_redux, minmay_misc_feat_pillars
D:3:      layout_basic, chequers_serial_rivers_micro_d, corner_web_ring,
          uniq_grinder, uniq_jessica
D:4:      layout_cave_pods, jmf_multi_god_temple, serial_shops,
          kennysheep_mini_moat, uniq_ijyb, uniq_blork_the_orc, uniq_eustachio
D:5:      layout_basic, cheibriados_altar_1, minmay_temple_entry_proselytizer,
          serial_shops, nicolae_shop_back_alley_shop,
          lightli_ossuary_entry_decrepit_ruins, minmay_manual_mail

Skill      XL: |  1  2  3  4  5  6  7 |
---------------+----------------------+-----
Fighting       | 4 5 |  5.6
Armour         | 4 5 6 |  6.1
Dodging        | 1 |  1.8
Long Blades    | 3 4 6 7 |  7.9
Shields        | 4 5 |  5.4
Stealth        | |  0.5

Action                     |  1- 3 |  4- 6 |  7- 9 || total
---------------------------+-------+-------+-------++-------
  Melee: Long sword        |    89 |   114 |    79 ||   282
         Headbutt          |    14 |    13 |    19 ||    46
  Evoke: Wand              |       |       |     3 ||     3
    Use: Potion            |     1 |     1 |       ||     2
         Scroll            |       |     3 |     1 ||     4
 Armour: Scale mail        |    21 |       |       ||    21
         Chain mail        |    22 |       |       ||    22
         Plate armour      |       |    33 |    38 ||    71
         Skin              |       |    21 |       ||    21
  Dodge: Dodged            |    43 |    50 |    39 ||   132
  Block: Buckler           |    25 |    25 |    21 ||    71
